 Dungeon Crawl Stone Soup version 0.24-a0-459-g225fefd (webtiles) character file.

Game seed: 13978303009077487276

99 RagdollRavenno the Stinger (level 4, -1/28 HPs)
             Began as an Octopode Venom Mage on June 28, 2019.
             Slain by an orc (4 damage)
             ... on level 3 of the Dungeon.
             The game lasted 00:03:53 (1795 turns).

RagdollRavenno the Stinger (Octopode Venom Mage)    Turns: 1795, Time: 00:03:54

Health: -1/28      AC:  1    Str:  7    XL:     4   Next: 72%
Magic:  8/8        EV: 13    Int: 18    God:
Gold:   65         SH:  0    Dex: 12    Spells: 2/9 levels left

rFire    . . .     SeeInvis .   e - +0 hand axe (freeze)
rCold    . . .     Gourm    .   (no shield)
rNeg     . . .     Faith    .   (helmet restricted)
rPois    .         Spirit   .   k - amulet of inaccuracy (curse)
rElec    .         Reflect  .   (no ring)
rCorr    .         Harm     .   (no ring)
MR       .....                  (no ring)
Stlth    +++.......             (no ring)
HPRegen  0.09/turn              (no ring)
MPRegen  0.11/turn              (no ring)
                                (no ring)
                                (no ring)

@: no status effects
A: almost no armour, stealthy swim, amphibious, 8 rings, constrict 8, camouflage
1, gelatinous body 1
a: no special abilities


You were on level 3 of the Dungeon.
You were not hungry.

You visited 1 branch of the dungeon, and saw 3 of its levels.

You collected 65 gold pieces.

Inventory:

Hand Weapons
 e - a +0 hand axe of freezing (weapon)
Jewellery
 k - a cursed amulet of inaccuracy (around mantle)
Scrolls
 d - 2 scrolls of identify
Potions
 a - 2 potions of heal wounds
 c - a potion of berserk rage {unknown}
 f - a potion of lignification {unknown}
 g - 2 potions of flight {unknown}
Comestibles
 b - 4 rations
 h - 2 chunks of flesh


   Skills:
 * Level 1.5 Fighting
 * Level 2.2 Dodging
 + Level 3.1 Stealth
 * Level 3.0 Spellcasting
 * Level 1.7 Conjurations
 * Level 0.8 Air Magic
 + Level 4.1 Poison Magic


You had 2 spell levels left.
You knew the following spells:

 Your Spells              Type           Power        Failure   Level  Hunger
b - Olgreb's Toxic Radia  Pois           ###.....     30%         4    ####...
c - Mephitic Cloud        Conj/Pois/Air  ##......     21%         3    ###....

Your spell library contained the following spells:

 Spells                   Type           Power        Failure   Level  Hunger
 Sting                    Conj/Pois      ##..         4%          1    None
 Poisonous Vapours        Pois/Air       ##....       9%          2    ##.....
 Venom Bolt               Conj/Pois      ##........   80%         5    ######.


Dungeon Overview and Level Annotations

Branches:
Dungeon (3/15)

Altars:


Innate Abilities, Weirdness & Mutations

You cannot wear most types of armour.
You are very stealthy in the water. (Stealth+)
You are amphibious.
You can wear up to eight rings at the same time.
You can use your tentacles to constrict eight enemies at once.
Your skin changes colour to match your surroundings (Stealth+).
Your rubbery body absorbs attacks. (AC +1, EV +1)


Message History

There is an open door here.
You see here 19 stones.
You now have 65 gold pieces (gained 10).
An orc comes into view.
You are too injured to fight recklessly!
You are too injured to fight recklessly!
The orc throws a stone.
The stone hits you.
You see here a stone.
The orc throws a stone.
The stone misses you.
The orc throws a stone.
The stone barely misses you.
Found a viscous purple potion.
The orc hits you.
You miss the orc. You grab the orc. You constrict the orc. The orc hits you.
* * * LOW HITPOINT WARNING * * *
The orc hits you.
* * * LOW HITPOINT WARNING * * *
You hit the orc. You freeze the orc.
The orc is heavily wounded.
You constrict the orc. The orc hits you.
You die...

####### #...!..
#...... ##########
#...... #...$....#
.......##........####
......o@............
..###.#......>......
# #.#..(.....#
#.#...(....#
#.#...(....#
..#........#
###........#
#...(....# ####'#####


You could see an orc.

Vanquished Creatures
  3 adders
  An ooze (D:2)
  4 worms (D:2)
  5 dart slugs
  4 giant cockroaches
  6 goblins
  5 hobgoblins
  3 jackals (D:3)
  4 bats
  9 frilled lizards
  3 kobolds (D:2)
  2 rats (D:1)
49 creatures vanquished.

Notes
Turn   | Place    | Note
-------+----------+-------------------------------------------
     0 | D:1      | RagdollRavenno the Octopode Venom Mage began the quest for
                  | the Orb.
     0 | D:1      | Reached XP level 1. HP: 11/11 MP: 3/3
   110 | D:1      | Reached skill level 1 in Fighting
   136 | D:1      | Reached XP level 2. HP: 18/18 MP: 3/5
   503 | D:1      | Reached XP level 3. HP: 12/23 MP: 6/6
   508 | D:1      | Learned a level 3 spell: Mephitic Cloud
   580 | D:1      | Reached skill level 4 in Poison Magic
   611 | D:1      | You fall into a shaft and drop 1 floor!
  1091 | D:2      | Reached XP level 4. HP: 18/28 MP: 5/8
  1505 | D:2      | Learned a level 4 spell: Olgreb's Toxic Radiance
  1795 | D:3      | Slain by an orc

Levels and vault maps discovered:
D:1:      dpeg_arrival_another_circle, layout_basic
D:2:      layout_rooms
D:3:      layout_basic, first_ration

Skill      XL: |  1  2  3  4 |
---------------+-------------+-----
Fighting       | 1 |  1.5
Poison Magic   | 4 |  4.1
Stealth        | 3 |  3.1
Spellcasting   | 3 |  3.0
Dodging        | |  2.2
Conjurations   | |  1.7
Air Magic      | |  0.8

Action                   |  1- 3 |  4- 6 || total
-------------------------+-------+-------++-------
Melee: Unarmed           |     7 |       ||     7
       Constrict         |    10 |     8 ||    18
       Hand axe          |    38 |    25 ||    63
       Tentacles         |     9 |     4 ||    13
 Cast: Sting             |    36 |    10 ||    46
       Mephitic Cloud    |     1 |     2 ||     3
  Use: Scroll            |       |     4 ||     4
 Stab: Sleeping          |     4 |     2 ||     6
       Confused          |       |     3 ||     3
  Eat: Chunk             |     1 |     2 ||     3
Armor: Skin              |     4 |     2 ||     6
Dodge: Dodged            |    29 |    16 ||    45

Table legend:
 A = Non-vault XP
 B = Vault XP
 C = Vault XP percentage of total XP
 D = Non-vault monster count
 E = Vault monster count
 F = Vault count percentage of total count
                 A         B        C        D         E       F
            +---------+---------+-------+---------+---------+-------
      Total |     142 |       0 |   0.0 |      49 |       0 |   0.0
            +---------+---------+-------+---------+---------+-------
        D:1 |      43 |       0 |   0.0 |      22 |       0 |   0.0
        D:2 |      79 |       0 |   0.0 |      23 |       0 |   0.0
        D:3 |      20 |       0 |   0.0 |       4 |       0 |   0.0
            +---------+---------+-------+---------+---------+-------
